 Dungeon Crawl Stone Soup version 0.24.0-13-gcf9b3192b9 (webtiles) character file.

Game seed: 2757869750747120238, levelgen mode: deterministic

96 EriolAelfwine the Charmwright (level 4, 0/33 HPs)
             Began as a Merfolk Skald on Nov 10, 2019.
             Succumbed to a scorpion's poison
             ... on level 3 of the Dungeon.
             The game lasted 00:09:18 (3344 turns).

EriolAelfwine the Charmwright (Merfolk Skald)       Turns: 3344, Time: 00:09:18

Health: 0/33       AC:  3    Str: 11    XL:     4   Next: 67%
Magic:  1/8        EV: 12    Int: 13    God:
Gold:   107        SH:  0    Dex: 13    Spells: 2/8 levels left

rFire    . . .     SeeInvis .   f - +0 trident
rCold    . . .     Gourm    .   (no shield)
rNeg     . . .     Faith    .   b - +0 leather armour
rPois    .         Spirit   .   i - +0 hat
rElec    .         Reflect  .   (no cloak)
rCorr    .         Harm     .   (no gloves)
MR       .....                  (no boots)
Stlth    +.........             (no amulet)
HPRegen  0.11/turn              (no ring)
MPRegen  0.11/turn              (no ring)

@: lethally poisoned (0 -> -4), very slightly contaminated
A: change form in water, swift swim, stealthy swim
a: no special abilities


You were on level 3 of the Dungeon.
You were not hungry.

You visited 1 branch of the dungeon, and saw 4 of its levels.

You collected 107 gold pieces.

Inventory:

Hand Weapons
 f - a +0 trident (weapon)
Armour
 b - a +0 leather armour (worn)
 h - a +0 ring mail
 i - a +0 hat (worn)
 r - a +0 chain mail
Jewellery
 k - a +3 ring of protection {unknown}
Scrolls
 c - 3 scrolls of remove curse {unknown}
 e - 5 scrolls of identify {unknown}
 j - a scroll of fog {unknown}
 n - a scroll of amnesia {unknown}
 p - a scroll of immolation {unknown}
 q - a scroll of magic mapping {unknown}
 u - a scroll of enchant armour {unknown}
Potions
 a - a potion of brilliance {unknown}
 g - a potion of resistance {unknown}
 l - a potion of mutation {unknown}
 m - a potion of berserk rage {unknown}
 o - 2 potions of curing {unknown}
 s - 2 potions of magic {unknown}
Comestibles
 d - 4 rations
 t - a chunk of flesh


   Skills:
 - Level 2.3 Fighting
 - Level 3.0 Polearms
 - Level 0.6 Armour
 - Level 2.7 Dodging
 + Level 2.8 Spellcasting
 + Level 0.1 Hexes
 + Level 5.0 Charms
 + Level 0.0 Translocations


You had 2 spell levels left.
You knew the following spells:

 Your Spells              Type           Power        Failure   Level  Hunger
a - Infusion              Chrm           ###.         3%          1    #......
b - Shroud of Golubria    Chrm/Tloc      #.....       16%         2    ###....
c - Spectral Weapon       Hex/Chrm       #.......     32%         3    ###....

Your spell library contained the following spells:

 Spells                   Type           Power        Failure   Level  Hunger
 Song of Slaying          Chrm           ###.....     6%          2    ###....
 Regeneration             Chrm/Necr      #.........   32%         3    ###....


Dungeon Overview and Level Annotations

Branches:
Dungeon (4/15)
 Temple: D:4-7

Altars:


Message History

The scorpion stings you!
* * * LOW HITPOINT WARNING * * *
You are lethally poisoned!
The scorpion poisons you!
Your shroud falls apart!
You hit the scorpion but do no damage.
The scorpion is heavily wounded.
* * * LOW HITPOINT WARNING * * *
You feel sick.
Your spectral weapon barely misses the scorpion.
The scorpion closely misses you.
* * * LOW HITPOINT WARNING * * *
You feel sick.
* * * LOW HITPOINT WARNING * * *
You feel sick.
* * * LOW HITPOINT WARNING * * *
You feel sick.
* * * LOW HITPOINT WARNING * * *
You feel sick.
You die...

# .# .# # #.##.##
##.......
#########......##
#.>...(s.@......#
#..#######.....#.#
#.. .#...## #.. #.
#.## .#. .# .#
%##. .. .. .. #.
#. ## ## #. #


You could see a scorpion and a friendly spectral +0 trident.

Vanquished Creatures
  Jessica (D:2)
  An adder zombie (D:1)
  2 worms (D:2)
  5 dart slugs (D:1)
  3 leopard geckos
  An orc (D:2)
  3 bats (D:1)
  2 giant cockroaches
  6 goblins
  6 hobgoblins (D:1)
  3 jackals
  7 kobolds
  A frilled lizard (D:2)
  A quokka zombie (D:1)
  2 rats
44 creatures vanquished.

Notes
Turn   | Place    | Note
-------+----------+-------------------------------------------
     0 | D:1      | EriolAelfwine the Merfolk Skald began the quest for the
                  | Orb.
     0 | D:1      | Reached XP level 1. HP: 16/16 MP: 3/3
   450 | D:1      | Reached XP level 2. HP: 12/22 MP: 0/5
   752 | D:1      | Reached skill level 4 in Charms
  1166 | D:1      | Reached XP level 3. HP: 20/27 MP: 6/6
  1561 | D:1      | Learned a level 2 spell: Shroud of Golubria
  1565 | D:1      | Learned a level 3 spell: Spectral Weapon
  2172 | D:2      | Reached XP level 4. HP: 18/33 MP: 7/7
  2627 | D:2      | Noticed Jessica
  2929 | D:2      | Killed Jessica
  2929 | D:2      | Reached skill level 5 in Charms
  3268 | D:2      | Found a faded altar of an unknown god.
  3320 | D:2      | You fall into a shaft and drop 1 floor!
  3342 | D:3      | HP: 1/33 [poisoned by a scorpion]
  3344 | D:3      | Succumbed to a scorpion's poison

Levels and vault maps discovered:
D:1:      saegor_arrival_fortress, layout_basic, minmay_curled_crystal,
          kennysheep_crisscross, nrook_campfire, amethyst_killhole
D:2:      layout_basic, chequers_ecumenical_altar_simple_redux, uniq_jessica
D:3:      layout_loops_ring, minmay_misc_feat_doors
D:4:      layout_basic, gup_sewer_entry_pipe, serial_shops, kennysheep_mini,
          minmay_vboxes

Skill      XL: |  1  2  3  4 |
---------------+-------------+-----
Charms         | 4 5 |  5.0
Fighting       | |  2.3
Polearms       | |  3.0
Armour         | |  0.6
Dodging        | |  2.7
Spellcasting   | |  2.8
Hexes          | |  0.1

Action                   |  1- 3 |  4- 6 || total
-------------------------+-------+-------++-------
Melee: Spear             |   156 |       ||   156
       Tailslap          |     2 |       ||     2
       Trident           |    27 |    26 ||    53
 Cast: Infusion          |     2 |       ||     2
       Shroud of Golubri |     1 |     2 ||     3
       Spectral Weapon   |       |     2 ||     2
 Stab: Sleeping          |     1 |       ||     1
       Distracted        |       |     1 ||     1
  Eat: Chunk             |     3 |     5 ||     8
Armor: Leather armour    |    30 |       ||    30
Dodge: Dodged            |   102 |     8 ||   110
